Cogmind - Beta 14 @@@ ROGUE MODE // 2024.09.08 @ 11:34:16 Player: Andru7428 Result: Destroyed by Tiamat Bomb Trap Performance ------------- Evolutions (6) 3000 Regions Visited (21) 4200 Robots Destroyed (275) 1375 Value Destroyed (9549) 9549 Prototype IDs (51) 1020 Alien Tech Used (0) 0 Bonus (2636) 2636 TOTAL SCORE: 21780 Bonus ------- High Alert Combat Kills 970 Met Data Miner 300 Met Warlord at Base 500 MAIN.C Attacked Warlord 500 Warlord Defense Kills 366 Cogmind --------- Core Integrity 0/1150 Matter 218/300 Energy 98/100 System Corruption 2% Temperature Cool (0) Movement Core (50) Location -4/Factory Parts ------- > --- POWER (1) -------- (None) > --- PROPULSION (5) --- (None) > --- UTILITY (10) ----- (None) > --- WEAPON (3) ------- (None) > --- INVENTORY (5) ---- Minesniffer Drone Bay (10/10) Micro-nuke Launcher Molecular Deconstructor Peak State ------------ > --- POWER ------------ Micro Antimatter Reactor > --- PROPULSION ------- Field Propulsion Drive Flightbrick > --- UTILITY ---------- Small Storage Unit Machine Analyzer Experimental Optical Array Long-range Sensor Array Advanced Signal Interpreter Advanced Melee Analysis Suite Advanced Melee Analysis Suite Nanoactuators Nanoactuators Improved Reaction Control System Light Regenerative Plating Advanced Hacking Suite Improved Corruption Screen > --- WEAPON ----------- Multitool CR-A16's Pointy Stick Lance > --- INVENTORY -------- Cooled Antigrav System Improved Actuator Array Improved Transmission Jammer Minesniffer Drone Bay Rocket Array Molecular Deconstructor Spear [Rating: 138] Favorites ----------- Power Micro Nuclear Core Engine Light Ion Engine Power Core Micro Nuclear Core Reactor Micro Antimatter Reactor Propulsion Light Treads Treads Light Treads Wheel Centrium Wheel Hover Unit Antigrav System Flight Unit Flightbrick Utility Advanced Melee Analysis Suite Device Seismic Detector Storage Large Storage Unit Processor Advanced Melee Analysis Suite Hackware Advanced Hacking Suite Protection Improved Light Armor Plating Weapon Spear Energy Gun Small Laser Energy Cannon HERF Cannon Ballistic Gun Gauss Rifle Ballistic Cannon Advanced Assault Cannon Launcher Rocket Launcher Special Weapon Multitool Impact Weapon Hammer Slashing Weapon Chainsword Piercing Weapon Spear Build | -11 -10 -10 -8 -7 -7 -7 -7 -6 -6 -6 -6 -6 -5 -5 -5 -5 -5 -5 -5 -4 -4 ------- Run | Yrd Mat Sub Mat Fac Low Low Zio Pro Fac Low Low Dat Pro Fac Was Fac Upp Upp War Pro Fac Slots Evolved 12 | . . . 4 2 . . . . 2 . . . . 2 . . . . . . 2 Power . | . . . . . . . . . . . . . . . . . . . . . . Propulsion 3 | . . . 1 . . . . . 1 . . . . 1 . . . . . . . Utility 8 | . . . 2 2 . . . . 1 . . . . 1 . . . . . . 2 Weapon 1 | . . . 1 . . . . . . . . . . . . . . . . . . Parts Attached 312 | 7 4 14 25 67 4 1 4 7 42 . . . 8 27 . 37 3 2 12 2 46 Power 13 | 1 1 2 1 2 . . . . 1 . . . . 1 . 2 . . . . 2 Engine 4 | 1 1 2 . . . . . . . . . . . . . . . . . . . Core 7 | . . . 1 2 . . . . 1 . . . . 1 . . . . . . 2 Reactor 2 | . . . . . . . . . . . . . . . . 2 . . . . . Propulsion 46 | 2 . 4 11 12 . . 1 . 1 . . . . 1 . 2 . . 2 . 10 Treads 30 | 2 . 3 11 12 . . 1 . . . . . . . . . . . . . 1 Leg . | . . . . . . . . . . . . . . . . . . . . . . Wheel 5 | . . 1 . . . . . . . . . . . . . . . . . . 4 Hover 5 | . . . . . . . . . . . . . . . . . . . 1 . 4 Flight 6 | . . . . . . . . . 1 . . . . 1 . 2 . . 1 . 1 Utility 129 | 2 1 . 5 22 1 1 2 5 23 . . . 2 22 . 22 . 2 8 . 11 Device 74 | 1 . . 2 14 1 . . 1 10 . . . 2 19 . 17 . . 3 . 4 Storage 6 | 1 1 . . . . . . . . . . . . . . 1 . . 1 . 2 Processor 16 | . . . 2 1 . . 1 . 6 . . . . 2 . . . . 1 . 3 Hackware 6 | . . . . 1 . . . . 2 . . . . 1 . 1 . . . . 1 Protection 27 | . . . 1 6 . 1 1 4 5 . . . . . . 3 . 2 3 . 1 Artifact . | . . . . . . . . . . . . . . . . . . . . . . Weapon 124 | 2 2 8 8 31 3 . 1 2 17 . . . 6 3 . 11 3 . 2 2 23 Energy Gun 6 | 2 . 1 3 . . . . . . . . . . . . . . . . . . Energy Cannon 7 | . . . . . . . . . . . . . . . . . . . . . 7 Ballistic Gun 8 | . 2 3 2 1 . . . . . . . . . . . . . . . . . Ballistic Cannon 22 | . . . 3 17 1 . . 1 . . . . . . . . . . . . . Launcher 20 | . . 3 . 3 1 . . . . . . . 3 . . 3 1 . . 1 5 Special Weapon 18 | . . . . 3 . . . 1 9 . . . . 1 . 2 . . 1 . 1 Impact Weapon 4 | . . 1 . 3 . . . . . . . . . . . . . . . . . Slashing Weapon 6 | . . . . . . . . . . . . . . . . . . . . . 6 Piercing Weapon 33 | . . . . 4 1 . 1 . 8 . . . 3 2 . 6 2 . 1 1 4 Special Melee Weapon . | . . . . . . . . . . . . . . . . . . . . . . Unidentified Prototypes 14 | . . . 1 2 . . . 1 1 . . . . 1 . 1 . . 6 . 1 Parts Lost 45 | . 1 4 1 10 1 . . 1 . . . . . . . 1 . . . . 26 Power 6 | . 1 1 . 1 . . . . . . . . . . . . . . . . 3 Propulsion 14 | . . 2 . 2 1 . . 1 . . . . . . . . . . . . 8 Utility 13 | . . . . 4 . . . . . . . . . . . 1 . . . . 8 Weapon 12 | . . 1 1 3 . . . . . . . . . . . . . . . . 7 Highest Loss Streak 8 | . 1 3 1 3 1 . . 1 . . . . . . . 1 . . . . 8 To Critical Strikes 2 | . . . . 1 . . . . . . . . . . . . . . . . 1 Average Slot Usage (%) 88 | . 100 96 89 90 87 92 97 92 77 83 83 83 83 83 85 83 84 85 85 85 77 Engine 2 | . 14 12 3 . . . . . . . . . . . . . . . . . . Core 4 | . . . 5 7 7 7 7 7 5 5 5 5 5 5 5 1 . . . . 2 Treads 14 | . 28 25 26 22 16 15 20 15 . . . . . . . . . . . . 1 Flight 2 | . . . . . . . . . 5 5 5 5 5 9 10 10 10 10 10 10 4 Device 11 | . 14 14 7 7 7 7 7 6 10 22 22 22 22 22 15 13 20 20 20 20 12 Storage 6 | . 14 14 9 7 7 7 7 7 . . . . . . . . 5 5 5 5 7 Processor 15 | . . . 17 15 15 15 15 23 28 22 22 22 22 20 25 24 20 20 20 20 12 Hackware 2 | . . . . . . . . . 5 5 5 5 5 7 10 10 5 5 5 5 7 Protection 5 | . . . 1 9 15 15 15 7 6 5 5 5 5 5 5 4 5 5 4 5 2 Ballistic Gun 3 | . 24 4 4 1 7 7 7 7 . . . . . . . . . . . . . Ballistic Cannon 4 | . . . 12 10 7 7 7 7 . . . . . . . . . . . . . Launcher 1 | . . 13 . . . . . . . . . . . . . . . . . . . Impact Weapon 1 | . . 8 . . . . . . . . . . . . . . . . . . . Piercing Weapon 6 | . . . . 4 1 7 7 7 12 16 16 16 15 13 15 14 14 15 14 14 6 Peak Build Rating 138 | 7 11 16 36 48 43 42 46 48 99 96 95 95 96 114 114 123 120 122 127 124 138 Average Rating 58 | 5 10 13 30 42 36 41 44 45 91 95 95 95 95 108 114 116 119 121 123 123 95 On Entrance 72 | . 7 11 16 34 35 39 42 45 46 96 95 95 95 95 114 114 120 120 122 124 124 Naked Turns 27 | . . . . . . . . . . . . . . . . . . . . . 27 Heaviest Build 77 | 11 30 31 47 69 54 55 55 50 24 23 23 23 28 24 20 30 31 30 30 34 77 Greatest Support 68 | 40 40 40 68 68 62 40 62 62 36 24 24 24 24 30 24 31 31 31 31 31 64 Greatest Overweight (x) 5 | 1 . 1 . 1 1 1 1 1 . . . . 1 . . . . . . 1 5 Average Overweight (x) . | . . . . . . 1 . . . . . . . . . . . . . . . Largest Inventory Capacity 15 | 8 15 15 15 15 15 15 15 15 15 5 5 5 5 5 5 8 8 8 8 8 8 Average Capacity 11 | 7 13 15 15 15 15 15 15 15 5 5 5 5 5 5 5 5 8 8 8 8 7 Most Carried 15 | 6 15 15 15 15 15 15 15 15 15 5 5 5 5 5 5 8 6 8 8 8 8 Average Carried 11 | 4 12 14 14 14 14 14 14 15 4 4 5 5 5 5 5 5 5 6 7 8 7 Final Capacity 15 | 8 15 15 15 15 15 15 15 15 5 5 5 5 5 5 5 8 8 8 8 8 5 Final Carried 15 | 5 15 15 15 15 14 15 15 15 5 5 5 5 5 5 5 5 5 8 8 8 4 Class Distribution -------------------- 48% | Mutant 12% | Scout 10% | Machinist-Scout 8% | Gunner 7% | Hacker-Scout 3% | Assassin Dominant Class ---------------- Mutant | -10/Materials Mutant | -10/Subcaves Gunner | -8/Materials Mutant | -7/Factory Mutant | -7/Lower Caves Mutant | -7/Lower Caves Mutant | -7/Zion Assassin | -6/Proximity Caves Scout | -6/Factory Scout | -6/Lower Caves Scout | -6/Lower Caves Scout | -6/Data Miner Scout | -5/Proximity Caves Hacker-Scout | -5/Factory Hacker-Scout | -5/Waste Hacker-Scout | -5/Factory Machinist-Scout | -5/Upper Caves Machinist-Scout | -5/Upper Caves Machinist-Scout | -5/Warlord Machinist-Scout | -4/Proximity Caves Machinist-Scout | -4/Factory Resources | -11 -10 -10 -8 -7 -7 -7 -7 -6 -6 -6 -6 -6 -5 -5 -5 -5 -5 -5 -5 -4 -4 ----------- Run | Yrd Mat Sub Mat Fac Low Low Zio Pro Fac Low Low Dat Pro Fac Was Fac Upp Upp War Pro Fac Matter Collected 7091 | 270 313 708 1073 2173 122 2 111 185 475 6 14 . 122 301 32 445 50 . 140 . 549 Remotely . | . . . . . . . . . . . . . . . . . . . . . . Salvage Created 10149 | 137 619 380 1015 2111 156 22 . 88 624 . . . 232 983 632 815 210 108 153 73 1791 Parts 578 | 12 40 25 55 116 6 . . 1 44 . . . 28 39 8 51 11 8 9 7 118 Haulers Intercepted 14 | . 2 . 5 3 . . . . . . . . . 2 . 2 . . . . . Recyclers Shooed 4 | . 1 . 1 . . . . . . . . . . . . . . . . . 2 Parts Field Recycled . | . . . . . . . . . . . . . . . . . . . . . . Retrieved Matter . | . . . . . . . . . . . . . . . . . . . . . . Parts Self-Destructed 55 | . . 8 . . 4 . 3 1 . 1 . . 16 . . . 7 8 . 7 . Prevented 2 | . . . . . . . . . . 2 . . . . . . . . . . . Kills | -11 -10 -10 -8 -7 -7 -7 -7 -6 -6 -6 -6 -6 -5 -5 -5 -5 -5 -5 -5 -4 -4 ------- Run | Yrd Mat Sub Mat Fac Low Low Zio Pro Fac Low Low Dat Pro Fac Was Fac Upp Upp War Pro Fac Combat Hostiles Destroyed 201 | . 13 16 17 45 5 . . 3 5 . . . 14 5 . 16 5 1 3 3 50 Melee 60 | . . . . 4 . . . . 5 . . . 1 5 . 7 3 1 3 3 28 Guns 19 | . 13 . 2 3 1 . . . . . . . . . . . . . . . . Cannons 47 | . . . 15 30 . . . 1 . . . . . . . . . . . . 1 AOE 74 | . . 16 . 8 4 . . 2 . . . . 13 . . 9 2 . . . 20 Classes Destroyed 25 | 2 4 4 4 6 . . . . 1 . . . . . . . 1 1 1 1 . Worker 11 | . . . . 4 . . . . 1 . . . . . . 1 . . . . 5 Builder 5 | . . . . . . . . . 3 . . . . . . . . . . . 2 Tunneler 4 | 4 . . . . . . . . . . . . . . . . . . . . . Hauler 14 | . 2 . 5 3 . . . . . . . . . 2 . 2 . . . . . Recycler 19 | 1 1 . 2 10 . . . . 1 . . . . 3 . 1 . . . . . Minesweeper 1 | . . . . . . . . . . . . . . . . . . 1 . . . Mechanic 3 | . . . . 2 . . . . . . . . . 1 . . . . . . . Operator 2 | . . . 1 . . . . . 1 . . . . . . . . . . . . Drone 2 | . . . . . . . . . . . . . . . . . . . . 2 . Turret 2 | . . 2 . . . . . . . . . . . . . . . . . . . Watcher 23 | . 3 . 5 5 . . . . 6 . . . . 2 . 1 . . . . 1 Swarmer 75 | . 6 2 . 7 . . . . 2 . . . 14 . . 10 4 . . . 30 Grunt 43 | . 7 . 7 14 4 . . 2 . . . . . 1 . 2 . . 1 . 5 Brawler 2 | . . . 1 . . . . . . . . . . . . . . . . . 1 Duelist 2 | . . . 1 . . . . 1 . . . . . . . . . . . . . Protector 2 | . . . . 1 . . . . . . . . . . . . . . 1 . . Sentry 18 | . . . 8 6 . . . . . . . . . . . . . 1 . . 3 Specialist 5 | . . . . 5 . . . . . . . . . . . . . . . . . Hunter 10 | . . . . 3 1 . . . . . . . . 1 . . . . . . 5 Programmer 27 | . . . . 9 . . . . 3 . . . . 3 . 4 1 . . 1 6 Behemoth 1 | . . . . . . . . . . . . . . . . . . . 1 . . Artisan 1 | . . 1 . . . . . . . . . . . . . . . . . . . Cobbler 1 | . . 1 . . . . . . . . . . . . . . . . . . . Subdweller 14 | . . 14 . . . . . . . . . . . . . . . . . . . Decomposer 1 | . . . . . . 1 . . . . . . . . . . . . . . . Samaritan 2 | . . . . . . . . . . . . . . . . . 2 . . . . Best Kill Streak 9 | 2 4 3 4 7 5 . . 3 2 . . . 9 2 . 5 3 1 1 2 9 Combat Bots Only 9 | . 4 3 3 6 5 . . 3 2 . . . 9 2 . 5 2 1 1 2 8 Max Kills in Single Turn 5 | 1 2 2 1 3 3 1 . 2 1 . . . 5 1 . 5 2 1 1 1 4 Gunslinging . | . . . . . . . . . . . . . . . . . . . . . . Exploded 5 | . . 2 . 3 3 . . 2 . . . . 5 . . 5 2 . . . 4 Melee 2 | . . . . 1 . . . . 1 . . . 1 1 . 1 1 1 1 1 2 Uniques/NPCs Destroyed . | . . . . . . . . . . . . . . . . . . . . . . Combat | -11 -10 -10 -8 -7 -7 -7 -7 -6 -6 -6 -6 -6 -5 -5 -5 -5 -5 -5 -5 -4 -4 -------- Run | Yrd Mat Sub Mat Fac Low Low Zio Pro Fac Low Low Dat Pro Fac Was Fac Upp Upp War Pro Fac Hostile Shots Fired 1209 | . 46 87 38 494 16 . . 15 18 9 . . 27 23 . 53 12 2 11 3 355 Missed 451 | . 9 31 3 179 2 . . 2 10 8 . . 13 12 . 27 4 2 7 3 139 Damage Taken 12771 | . 369 838 552 4070 245 . . 353 357 10 . . 270 210 . 569 149 . 125 . 4654 Core 2062 | . 31 116 26 436 13 . . 74 99 . . . 28 20 . 64 . . . . 1155 Absorbed by Shields 440 | . . . . 392 . . . . . . . . . . . . . . . . 48 Redirected to Shielding 38 | . . . . . . . . . 38 . . . . . . . . . . . . Regen/Repaired (Parts) 664 | . . . 239 28 . . . . 186 . . . . 15 . . 17 12 18 . 149 Core Remaining (%) 72 | 100 . 41 95 . . . . 25 . . . . 85 . . . . . . 91 . Volleys Fired 371 | 14 45 60 70 129 7 . . 12 . . . . 4 . . 3 1 . . 2 24 Largest 3 | 2 2 2 3 2 2 . . 2 . . . . 1 . . 1 1 . . 1 3 Hottest 264 | 80 80 46 110 108 76 . . 76 . . . . 45 . . 45 45 . . 45 264 Shots Fired 604 | 28 90 62 128 220 9 1 . 23 . . . . 4 . . 3 1 . . 2 33 Gun 202 | 28 90 11 47 13 2 . . 11 . . . . . . . . . . . . . Cannon 321 | . . . 81 199 5 1 . 11 . . . . . . . . . . . . 24 Launcher 80 | . . 51 . 8 2 . . . . . . . 4 . . 3 1 . . 2 9 Special 1 | . . . . . . . . 1 . . . . . . . . . . . . . Kinetic 423 | . 62 11 108 212 7 1 . 22 . . . . . . . . . . . . . Thermal 56 | 28 28 . . . . . . . . . . . . . . . . . . . . Explosive 81 | . . 51 . 8 2 . . 1 . . . . 4 . . 3 1 . . 2 9 Electromagnetic 44 | . . . 20 . . . . . . . . . . . . . . . . . 24 Robot Hit Streak 17 | 9 12 7 15 17 8 . . 6 . . . . 3 . . 5 . . . . 5 Robot Miss Streak 12 | 2 3 2 3 3 4 1 . 1 . . . . 5 . . 4 . . . . 12 Penetration Max . | . . . . . . . . . . . . . . . . . . . . . . Secondary Targets 1 | . 1 . . . . . . . . . . . . . . . . . . . . Max Gunslinging Chain 1 | . 1 . . . . . . . . . . . . . . . . . . . . Shots Hit Robots 640 | 19 56 43 86 190 5 1 . 10 30 . . . 5 33 18 29 9 2 3 8 93 Core Hits 442 | 6 25 37 38 103 16 . . 5 17 . . . 22 14 4 33 10 1 2 2 107 Critical Kills 1 | . . . . 1 . . . . . . . . . . . . . . . . . Critical Parts Destroyed 3 | . . . . 3 . . . . . . . . . . . . . . . . . Critical Strikes 52 | . . . 4 20 . . . . 2 . . . . 9 1 4 2 . 3 . 7 Destroy 2 | . . . . 2 . . . . . . . . . . . . . . . . . Blast 18 | . . . 4 14 . . . . . . . . . . . . . . . . . Smash 2 | . . . . 2 . . . . . . . . . . . . . . . . . Sever 2 | . . . . . . . . . . . . . . . . . . . . . 2 Impale 28 | . . . . 2 . . . . 2 . . . . 9 1 4 2 . 3 . 5 Melee Attacks 760 | . . 25 . 104 3 1 1 4 145 9 2 . 3 106 18 101 14 12 11 38 163 Impact 35 | . . 25 . 10 . . . . . . . . . . . . . . . . . Slashing 28 | . . . . . . . . . . . . . . . . . . . . . 28 Piercing 697 | . . . . 94 3 1 1 4 145 9 2 . 3 106 18 101 14 12 11 38 135 Sneak Attacks 46 | . . . . 18 . 1 . . 6 . . . . 8 . 4 3 1 . . 5 Combat Hostiles . | . . . . . . . . . . . . . . . . . . . . . . Follow-up Attacks 45 | . . . . . . . . . 5 . . . 1 3 2 3 2 . . 2 27 Damage Inflicted 29615 | 207 832 2355 3084 8474 464 69 . 517 1419 . . . 710 1610 600 1708 739 144 155 377 6151 Guns 2101 | 207 829 141 587 227 34 . . 76 . . . . . . . . . . . . . Cannons 7828 | . . . 2472 4693 28 . . 136 . . . . . . . . . . . . 499 Explosions 8640 | . . 2135 . 1910 402 . . 276 . . . . 641 . . 385 169 . . . 2722 Melee 10963 | . . 79 . 1618 . 69 . . 1419 . . . 69 1610 600 1323 570 144 155 377 2930 Ramming 54 | . 3 . 25 26 . . . . . . . . . . . . . . . . . Kinetic 8803 | . 660 141 2808 4920 62 . . 212 . . . . . . . . . . . . . Thermal 628 | 207 169 . . . . . . . . . . . . . . . . . . . 252 Explosive 8388 | . . 2135 . 1910 402 . . 276 . . . . 641 . . 385 169 . . . 2470 Electromagnetic 750 | . . . 251 . . . . . . . . . . . . . . . . . 499 Impact 690 | . . 79 . 611 . . . . . . . . . . . . . . . . . Slashing 598 | . . . . . . . . 29 . . . . . . . . . . . . 569 Piercing 9704 | . . . . 1007 . 69 . . 1419 . . . 69 1610 600 1323 570 144 155 377 2361 Highest Corruption 2 | . . . . 2 2 2 2 . 2 2 2 2 2 1 . . 1 1 1 . 2 Average Corruption 1 | . . . . 1 2 2 2 . 1 2 2 2 2 1 . . 1 1 1 . 1 Corruption Purged 2 | . . . . 1 . . . . . . . . . 1 . . . . . . . Corruption Blocked 7 | . . . . . . . . . . . . . . . . 1 . . . . 6 Effects 62 | . . . . 10 10 6 2 . 7 2 2 1 . 12 . . . 5 . . 5 Message Errors 13 | . . . . 2 1 1 . . 3 1 . 1 . 2 . . . 1 . . 1 Matter Fused 18 | . . . . 5 5 2 1 . 3 . . . . 2 . . . . . . . Heat Flow Errors 10 | . . . . . 1 1 . . 1 1 1 . . 3 . . . 1 . . 1 Energy Discharges 5 | . . . . 1 . . . . . . . . . 2 . . . 1 . . 1 Parts Fused 1 | . . . . . . . . . . . . . . 1 . . . . . . . Data Loss (minor) 4 | . . . . 1 1 . 1 . . . . . . . . . . . . . 1 Data Loss (major) 5 | . . . . . 1 1 . . . . . . . 1 . . . 2 . . . Misfires 2 | . . . . 1 . 1 . . . . . . . . . . . . . . . Alerts 3 | . . . . . 1 . . . . . 1 . . 1 . . . . . . . Weapon Failures 1 | . . . . . . . . . . . . . . . . . . . . . 1 Overload Shots . | . . . . . . . . . . . . . . . . . . . . . . Overflow Damage 1961 | . . 26 157 604 . 61 . 21 138 . . . . 151 . 90 150 50 82 117 314 Projectiles 294 | . . . 157 116 . . . 21 . . . . . . . . . . . . . Explosions 258 | . . 26 . 55 . . . . . . . . . . . 5 . . . . 172 Melee 1409 | . . . . 433 . 61 . . 138 . . . . 151 . 85 150 50 82 117 142 Knockbacks 54 | . . 1 6 44 . . . 3 . . . . . . . . . . . . . Impact 2 | . . 1 . 1 . . . . . . . . . . . . . . . . . Kinetic 47 | . . . 6 38 . . . 3 . . . . . . . . . . . . . Secondary 5 | . . . . 5 . . . . . . . . . . . . . . . . . Self-Inflicted Damage 378 | . . 146 . . 23 . . . . . . . 74 . . . 20 . . . 115 Shots 14 | . . 4 . . 1 . . . . . . . 4 . . . 1 . . . 4 Rammed 11 | . 2 . 2 7 . . . . . . . . . . . . . . . . . Targets Rammed 11 | . 2 . 2 7 . . . . . . . . . . . . . . . . . Kicked . | . . . . . . . . . . . . . . . . . . . . . . Crushed . | . . . . . . . . . . . . . . . . . . . . . . Highest Temperature 348 | 90 108 12 208 348 99 127 . 60 165 206 119 . . 253 . . . 210 . . 259 Average Temperature 74 | 34 34 12 50 93 25 53 . 30 82 105 62 . . 90 . . . 106 . . 103 Received Heat Transfer 2112 | . 138 177 225 885 81 . . 81 . 6 . . . 18 . 36 . . 9 . 456 Effects 3 | . . . . 2 . . . . . 1 . . . . . . . . . . . Energy Bleed 2 | . . . . 1 . . . . . 1 . . . . . . . . . . . Interference 1 | . . . . 1 . . . . . . . . . . . . . . . . . Siege Activations . | . . . . . . . . . . . . . . . . . . . . . . Robots Corrupted 3 | . . . . 2 . . . . . . . . . . . . . . . . 1 Combat Hostiles 1 | . . . . . . . . . . . . . . . . . . . . . 1 Parts Fried 8 | . . . 1 5 . . . . . . . . . . . . 1 . . . 1 Impact Corruptions 10 | . . . . 10 . . . . . . . . . . . . . . . . . Robots Melted . | . . . . . . . . . . . . . . . . . . . . . . Combat Hostiles . | . . . . . . . . . . . . . . . . . . . . . . Parts Melted 1 | . . . . . . . . . . . . . . . . . . . 1 . . Heat Transferred 1000 | 475 375 . . . . . . . . . . . . . . . . . . . 150 Parts Sabotaged . | . . . . . . . . . . . . . . . . . . . . . . Parts Stolen . | . . . . . . . . . . . . . . . . . . . . . . Parts Stripped . | . . . . . . . . . . . . . . . . . . . . . . Power Chain Reactions . | . . . . . . . . . . . . . . . . . . . . . . Alert | -11 -10 -10 -8 -7 -7 -7 -7 -6 -6 -6 -6 -6 -5 -5 -5 -5 -5 -5 -5 -4 -4 ------- Run | Yrd Mat Sub Mat Fac Low Low Zio Pro Fac Low Low Dat Pro Fac Was Fac Upp Upp War Pro Fac Peak Influence 1632 | 25 253 . 297 626 . . . . 230 . . . . 366 100 478 . . . . 1632 Initial 242 | . 16 . . 39 . . . . . . . . . 242 100 70 . . . . 168 Average 252 | 12 129 . 107 219 . . . . 107 . . . . 260 100 285 . . . . 729 Maximum Alert Level 5 | . 1 . 1 2 . . . . 1 . . . . 1 . 2 . . . . 5 Low Security (%) 57 | 100 84 . 88 64 . . . . 99 . . . . 12 100 21 . . . . . Level 1 25 | . 15 . 11 14 . . . . . . . . . 87 . 61 . . . . 26 Level 2 11 | . . . . 21 . . . . . . . . . . . 17 . . . . 27 Level 3 3 | . . . . . . . . . . . . . . . . . . . . . 25 Level 4 2 | . . . . . . . . . . . . . . . . . . . . . 20 Level 5 . | . . . . . . . . . . . . . . . . . . . . . . High Security . | . . . . . . . . . . . . . . . . . . . . . . Max Security . | . . . . . . . . . . . . . . . . . . . . . . Squads Dispatched 50 | . 2 . 2 17 . . . . 9 . . . . 6 . 5 . . . . 9 Investigation 12 | . . . . 2 . . . . 3 . . . . 1 . 4 . . . . 2 Extermination 16 | . . . . 7 . . . . 3 . . . . 2 . 1 . . . . 3 Reinforcement 20 | . 2 . 2 7 . . . . 3 . . . . 3 . . . . . . 3 Assault 2 | . . . . 1 . . . . . . . . . . . . . . . . 1 Garrison . | . . . . . . . . . . . . . . . . . . . . . . Intercept . | . . . . . . . . . . . . . . . . . . . . . . Searches Triggered . | . . . . . . . . . . . . . . . . . . . . . . Data Miner Redirects 3 | . . . . . . . . . . . . . . . . . . . . . 3 Construction Impeded 4 | . . . 1 2 . . . . 1 . . . . . . . . . . . . Haulers Reinforced 4 | . . . . . . . . . . . . . . 2 . . . . . . 2 Active Scanning Responses . | . . . . . . . . . . . . . . . . . . . . . . Cargo Convoy Interrupts 2 | . . . . 1 . . . . . . . . . 1 . . . . . . . Stealth | -11 -10 -10 -8 -7 -7 -7 -7 -6 -6 -6 -6 -6 -5 -5 -5 -5 -5 -5 -5 -4 -4 --------- Run | Yrd Mat Sub Mat Fac Low Low Zio Pro Fac Low Low Dat Pro Fac Was Fac Upp Upp War Pro Fac Distress Signals 20 | . . . 1 6 . . . . . . . . . 2 . 1 . . . 1 9 Communications Jammed 15 | . . . . . . . . . . . . . . . . . . . . . 15 Distress Signals 9 | . . . . . . . . . . . . . . . . . . . . . 9 Times Spotted 359 | . 30 19 22 80 5 . . 3 22 1 . . 14 20 . 29 6 1 24 3 80 Peak Tracking Total 11 | . 4 2 4 11 5 . . 3 3 1 . . 5 5 . 5 2 1 9 3 8 Tactical Retreats 32 | . 2 1 . 5 . . . . 2 1 . . 1 3 . 5 . . . . 12 Traps | -11 -10 -10 -8 -7 -7 -7 -7 -6 -6 -6 -6 -6 -5 -5 -5 -5 -5 -5 -5 -4 -4 ------- Run | Yrd Mat Sub Mat Fac Low Low Zio Pro Fac Low Low Dat Pro Fac Was Fac Upp Upp War Pro Fac Traps Triggered 13 | . . . 1 . . . . . 1 . . . . 1 . 6 . . . . 4 Indirectly . | . . . . . . . . . . . . . . . . . . . . . . Trap Hack Attempts . | . . . . . . . . . . . . . . . . . . . . . . Triggered . | . . . . . . . . . . . . . . . . . . . . . . Disarmed . | . . . . . . . . . . . . . . . . . . . . . . Reprogrammed . | . . . . . . . . . . . . . . . . . . . . . . Reused . | . . . . . . . . . . . . . . . . . . . . . . Traps Extracted . | . . . . . . . . . . . . . . . . . . . . . . Installed . | . . . . . . . . . . . . . . . . . . . . . . Triggered 9 | . . . . . . . . . . 1 . . . 2 . . . . 5 . 1 Most Traps Carried 2 | . . 1 1 . . . . . . . . . . . . . . 2 1 . . Machines | -11 -10 -10 -8 -7 -7 -7 -7 -6 -6 -6 -6 -6 -5 -5 -5 -5 -5 -5 -5 -4 -4 ---------- Run | Yrd Mat Sub Mat Fac Low Low Zio Pro Fac Low Low Dat Pro Fac Was Fac Upp Upp War Pro Fac Machines Disabled 26 | . . 5 2 3 . . . . 1 . . . . . . . . 1 . . 14 Max in Single Turn 6 | . . 3 1 1 . . . . 1 . . . . . . . . 1 . . 6 Garrison Access 6 | . . . 1 1 . . . . 1 . . . . . . 3 . . . . . Machines Repaired . | . . . . . . . . . . . . . . . . . . . . . . Machines Dismantled . | . . . . . . . . . . . . . . . . . . . . . . Machines Sabotaged . | . . . . . . . . . . . . . . . . . . . . . . Overloaded Fab Kills . | . . . . . . . . . . . . . . . . . . . . . . Hacking | -11 -10 -10 -8 -7 -7 -7 -7 -6 -6 -6 -6 -6 -5 -5 -5 -5 -5 -5 -5 -4 -4 --------- Run | Yrd Mat Sub Mat Fac Low Low Zio Pro Fac Low Low Dat Pro Fac Was Fac Upp Upp War Pro Fac Machines Accessed 107 | . 7 2 10 17 . 1 . . 22 1 1 3 . 13 . 14 . 2 5 . 9 Terminals 56 | . 7 . 7 10 . . . . 16 . . . . 7 . 5 . . . . 4 Fabricators 10 | . . . . 2 . . . . 1 . . . . 2 . 4 . . . . 1 Repair Stations 13 | . . . 2 2 . . . . 2 . . . . 3 . 2 . . . . 2 Recycling Units . | . . . . . . . . . . . . . . . . . . . . . . Scanalyzers 2 | . . . . . . . . . 1 . . . . . . . . . . . 1 Garrison Access 11 | . . . 1 3 . . . . 2 . . . . 1 . 3 . . . . 1 Total Hacks 256 | . 19 4 30 40 . 1 . . 39 1 1 25 . 23 . 32 . 8 15 . 18 Successful 159 | . 13 4 18 19 . 1 . . 17 1 1 25 . 9 . 23 . 8 15 . 5 Failed 96 | . 6 . 12 21 . . . . 21 . . . . 14 . 9 . . . . 13 Catastrophic 13 | . 1 . . 4 . . . . 6 . . . . 1 . . . . . . 1 Database Lockouts 1 | . . . . . . . . . 1 . . . . . . . . . . . . Manual 90 | . 14 . 18 16 . . . . 19 . . . . 5 . 6 . 2 1 . 9 Terminals 121 | . 19 . 19 26 . . . . 24 . . . . 13 . 14 . . . . 6 Fabricators 26 | . . . . 4 . . . . 5 . . . . 3 . 11 . . . . 3 Repair Stations 36 | . . . 10 4 . . . . 6 . . . . 5 . 4 . . . . 7 Recycling Units . | . . . . . . . . . . . . . . . . . . . . . . Scanalyzers 3 | . . . . . . . . . 2 . . . . . . . . . . . 1 Garrison Access 15 | . . . 1 6 . . . . 2 . . . . 2 . 3 . . . . 1 Terminal Hacks 78 | . 4 4 2 6 . 1 . . 3 1 1 25 . 2 . 6 . 8 15 . . Record 22 | . . 3 . . . . . . . . . 6 . . . . . 7 6 . . Part Schematic 14 | . 1 . . 1 . . . . 1 . . 10 . . . 1 . . . . . Robot Schematic 6 | . . . . . . . . . . . . 6 . . . . . . . . . Prototype ID Bank 12 | . 1 . . . . . . . . . . 3 . . . . . . 8 . . Open Door 5 | . . . . . . 1 . . . 1 1 . . . . . . 1 1 . . Branch Access Points 3 | . . . . . . . . . 1 . . . . 1 . 1 . . . . . Fabricator Index 1 | . . . . . . . . . . . . . . 1 . . . . . . . Garrison Index 1 | . . . . . . . . . . . . . . . . 1 . . . . . Unreport Threat 4 | . . . 1 3 . . . . . . . . . . . . . . . . . Locate Traps 4 | . 1 . 1 1 . . . . 1 . . . . . . . . . . . . Recall Investigation 3 | . . . . . . . . . . . . . . . . 3 . . . . . Zone Layout 2 | . 1 . . 1 . . . . . . . . . . . . . . . . . Derelict Proto ID Bank 1 | . . 1 . . . . . . . . . . . . . . . . . . . Fabricator Hacks 17 | . . . . 3 . . . . 3 . . . . 1 . 9 . . . . 1 Network Status 1 | . . . . . . . . . . . . . . . . 1 . . . . . Load Schematic 9 | . . . . 2 . . . . 2 . . . . . . 4 . . . . 1 Build 7 | . . . . 1 . . . . 1 . . . . 1 . 4 . . . . . Repair Station Hacks 25 | . . . 8 3 . . . . 6 . . . . 3 . 2 . . . . 3 Scan Component 15 | . . . 4 2 . . . . 3 . . . . 2 . 2 . . . . 2 Repair 10 | . . . 4 1 . . . . 3 . . . . 1 . . . . . . 1 Recycling Unit Hacks . | . . . . . . . . . . . . . . . . . . . . . . Scanalyzer . | . . . . . . . . . . . . . . . . . . . . . . Garrison Access Hacks 6 | . . . 1 1 . . . . 1 . . . . . . 3 . . . . . Seal Access 6 | . . . 1 1 . . . . 1 . . . . . . 3 . . . . . Unauthorized Hacks 33 | . 9 . 7 6 . . . . 4 . . . . 3 . 3 . . . . 1 Terminals 30 | . 9 . 7 5 . . . . 4 . . . . 3 . 2 . . . . . Assimilate 9 | . 1 . 1 1 . . . . 3 . . . . 2 . 1 . . . . . Botnet 11 | . 3 . 1 4 . . . . 1 . . . . 1 . 1 . . . . . Skim 10 | . 5 . 5 . . . . . . . . . . . . . . . . . . Fabricators 3 | . . . . 1 . . . . . . . . . . . 1 . . . . 1 Recompile 3 | . . . . 1 . . . . . . . . . . . 1 . . . . 1 Repair Stations . | . . . . . . . . . . . . . . . . . . . . . . Recycling Units . | . . . . . . . . . . . . . . . . . . . . . . Scanalyzers . | . . . . . . . . . . . . . . . . . . . . . . Garrison Access . | . . . . . . . . . . . . . . . . . . . . . . Data Cores Recovered 2 | . . . 1 . . . . . 1 . . . . . . . . . . . . Used . | . . . . . . . . . . . . . . . . . . . . . . Hacking Detections 67 | . 7 . 9 11 . . . . 13 . . . . 12 . 8 . . . . 7 Full Trace Events 8 | . . . . 1 . . . . 3 . . . . 1 . 2 . . . . 1 Feedback Events 2 | . . . . . . . . . 2 . . . . . . . . . . . . Corruption 2 | . . . . . . . . . 2 . . . . . . . . . . . . Feedback Blocked . | . . . . . . . . . . . . . . . . . . . . . . Robot Schematics Acquired 9 | . . . . . . . 3 . . . . 6 . . . . . . . . . Robots Built . | . . . . . . . . . . . . . . . . . . . . . . Authchips . | . . . . . . . . . . . . . . . . . . . . . . Time . | . . . . . . . . . . . . . . . . . . . . . . Total Robot Build Rating . | . . . . . . . . . . . . . . . . . . . . . . Part Schematics Acquired 29 | . 1 . . 1 . . 15 . 1 . . 10 . . . 1 . . . . . Parts Built 12 | . . . . 2 . . . . 2 . . . . 2 . 6 . . . . . Authchips 3 | . . . . 1 . . . . 1 . . . . . . 1 . . . . . Time 512 | . . . . 47 . . . . 42 . . . . 53 . 370 . . . . . Total Part Build Rating 66 | . . . . 10 . . . . 8 . . . . 12 . 36 . . . . . Parts Repaired 10 | . . . 4 1 . . . . 3 . . . . 1 . . . . . . 1 Time 382 | . . . 146 19 . . . . 126 . . . . 61 . . . . . . 30 Parts Recycled . | . . . . . . . . . . . . . . . . . . . . . . Recycled Matter . | . . . . . . . . . . . . . . . . . . . . . . Retrieved Matter . | . . . . . . . . . . . . . . . . . . . . . . Retrieved Components . | . . . . . . . . . . . . . . . . . . . . . . Parts Scanalyzed . | . . . . . . . . . . . . . . . . . . . . . . Part Schematics Acquired . | . . . . . . . . . . . . . . . . . . . . . . Parts Damaged . | . . . . . . . . . . . . . . . . . . . . . . Bothacking | -11 -10 -10 -8 -7 -7 -7 -7 -6 -6 -6 -6 -6 -5 -5 -5 -5 -5 -5 -5 -4 -4 ------------ Run | Yrd Mat Sub Mat Fac Low Low Zio Pro Fac Low Low Dat Pro Fac Was Fac Upp Upp War Pro Fac Used RIF Installer . | . . . . . . . . . . . . . . . . . . . . . . Robots Hacked . | . . . . . . . . . . . . . . . . . . . . . . Non-combat . | . . . . . . . . . . . . . . . . . . . . . . Combat . | . . . . . . . . . . . . . . . . . . . . . . Robot Hacks Applied . | . . . . . . . . . . . . . . . . . . . . . . Relay Couplers Released . | . . . . . . . . . . . . . . . . . . . . . . Fabnet Peak Effective % . | . . . . . . . . . . . . . . . . . . . . . . Robots Rewired . | . . . . . . . . . . . . . . . . . . . . . . Allies Hacked . | . . . . . . . . . . . . . . . . . . . . . . Hacks Repelled . | . . . . . . . . . . . . . . . . . . . . . . Allies | -11 -10 -10 -8 -7 -7 -7 -7 -6 -6 -6 -6 -6 -5 -5 -5 -5 -5 -5 -5 -4 -4 -------- Run | Yrd Mat Sub Mat Fac Low Low Zio Pro Fac Low Low Dat Pro Fac Was Fac Upp Upp War Pro Fac Total Allies 6 | . 1 . . 1 . . . . 1 . . . . 2 . 1 . . . . . Largest Group 1 | . 1 1 . 1 . . . . 1 . . . . 1 . 1 . . . . . Highest-Rated Group 26 | . 10 10 . 26 . . . . 10 . . . . 26 . 10 . . . . . Highest-Rated Ally 26 | . 10 10 . 26 . . . . 10 . . . . 26 . 10 . . . . . Total Orders . | . . . . . . . . . . . . . . . . . . . . . . Ally Attacks . | . . . . . . . . . . . . . . . . . . . . . . Total Damage . | . . . . . . . . . . . . . . . . . . . . . . Kills . | . . . . . . . . . . . . . . . . . . . . . . Allies Corrupted 1 | . . . . . . . . . . . . . . 1 . . . . . . . Allies Melted . | . . . . . . . . . . . . . . . . . . . . . . Intel | -11 -10 -10 -8 -7 -7 -7 -7 -6 -6 -6 -6 -6 -5 -5 -5 -5 -5 -5 -5 -4 -4 ------- Run | Yrd Mat Sub Mat Fac Low Low Zio Pro Fac Low Low Dat Pro Fac Was Fac Upp Upp War Pro Fac Robot Analysis Total . | . . . . . . . . . . . . . . . . . . . . . . Derelict Logs Recovered 9 | . . 2 . . 2 . 1 . . 1 2 . 1 . . . . . . . . Drone Launches . | . . . . . . . . . . . . . . . . . . . . . . Drone Recoveries . | . . . . . . . . . . . . . . . . . . . . . . Exploration | -11 -10 -10 -8 -7 -7 -7 -7 -6 -6 -6 -6 -6 -5 -5 -5 -5 -5 -5 -5 -4 -4 ------------- Run | Yrd Mat Sub Mat Fac Low Low Zio Pro Fac Low Low Dat Pro Fac Was Fac Upp Upp War Pro Fac Turns Passed 23417 | 254 1379 2982 2085 4173 755 230 1847 816 1954 243 231 31 209 1387 130 1470 211 339 518 237 1936 Spaces Moved 20851 | 127 679 1599 971 1879 332 94 1055 331 3404 407 439 77 420 2047 241 2661 338 555 849 390 1956 Core 77 | 10 . . . . . . . . . . . . . . . . . . . . 67 Treads 6791 | 117 679 1312 971 1879 332 94 1055 331 . . . . . . . . . . . . 21 Legs . | . . . . . . . . . . . . . . . . . . . . . . Wheels 799 | . . 287 . . . . . . . . . . . . . . . . . . 512 Hover 275 | . . . . . . . . . . . . . . . . . . . . . 275 Flight 12909 | . . . . . . . . . 3404 407 439 77 420 2047 241 2661 338 555 849 390 1081 Fastest Speed 34 | 50 160 115 155 155 155 240 155 152 40 40 40 40 40 34 40 34 39 39 39 39 39 Average Speed 85 | 152 160 153 157 167 212 240 173 230 40 40 40 40 40 39 40 37 39 39 39 39 66 Slowest Speed 300 | 160 160 260 160 250 240 240 240 232 40 40 40 40 80 40 40 40 39 39 39 99 300 Overloaded Moves . | . . . . . . . . . . . . . . . . . . . . . . Propulsion Burnouts . | . . . . . . . . . . . . . . . . . . . . . . Robots Hopped 31 | . . . . . . . . . 4 . . . . 11 . 16 . . . . . Cave-ins Triggered . | . . . . . . . . . . . . . . . . . . . . . . Exploration Rate (%) 60 | 9 97 83 71 59 58 27 77 52 75 57 55 69 56 47 96 43 53 52 85 54 46 Regions Visited 21 Branch Regions 13 Pre-discovered Areas 6 | . . 2 2 . . . . . . . 1 1 . . . . . . . . . Known Exits Taken 13 | . . . . 1 . . 1 1 1 1 1 1 1 . . 1 1 1 1 1 . Unknown Exits Taken 6 | 1 1 1 1 . 1 1 . . . . . . . . . . . . . . . Scrap Searched 26 | . . 10 . . 1 . 3 4 . . 1 . 3 . . . 1 1 . 2 . Spaces Dug 427 | . . 12 2 43 3 . . 8 86 9 2 . . 55 . 92 2 4 2 66 41 Terrain Destroyed 1189 | . . 244 22 108 48 1 . 21 86 9 2 . 93 55 . 133 18 4 2 118 225 Melee 314 | . . 2 . 37 1 . . 1 86 9 2 . . 55 . 54 2 4 2 18 41 Projectile 72 | . . . 22 36 3 1 . 10 . . . . . . . . . . . . . AOE 803 | . . 242 . 35 44 . . 10 . . . . 93 . . 79 16 . . 100 184 Terrain Rammed . | . . . . . . . . . . . . . . . . . . . . . . Walls Destroyed . | . . . . . . . . . . . . . . . . . . . . . . Machines Disabled . | . . . . . . . . . . . . . . . . . . . . . . Actions | -11 -10 -10 -8 -7 -7 -7 -7 -6 -6 -6 -6 -6 -5 -5 -5 -5 -5 -5 -5 -4 -4 --------- Run | Yrd Mat Sub Mat Fac Low Low Zio Pro Fac Low Low Dat Pro Fac Was Fac Upp Upp War Pro Fac Total 24797 | 156 883 2027 1374 2482 368 98 1072 358 3832 478 491 76 445 2494 256 3015 395 664 1012 424 2397 Wait 2354 | 2 132 312 271 236 20 . 4 3 234 61 51 . 12 331 . 196 43 93 138 1 214 Move 20769 | 126 678 1598 970 1878 331 93 1054 330 3395 406 438 76 419 2025 240 2628 337 554 848 389 1956 Hop 31 | . . . . . . . . . 4 . . . . 11 . 16 . . . . . Pick Up 106 | 6 16 8 17 22 1 1 5 . 4 1 . . . 2 . 5 . 4 2 . 12 Fast Attach 85 | 7 . 2 8 15 . . 1 1 18 . . . . 5 . 6 . . 1 . 21 Attach 40 | . 1 3 3 7 4 . . . 7 . . . . . . 6 1 . . . 8 Detach 23 | . . . . 1 2 . . . 9 . . . . 1 . 5 1 . 1 . 3 Swap 187 | . 3 9 14 45 . 1 3 6 17 . . . 8 22 . 25 2 2 11 2 17 Drop 123 | 1 6 10 19 35 . 2 4 2 12 1 . . . 6 . 10 . 2 2 . 11 Fire 371 | 14 45 60 70 129 7 . . 12 . . . . 4 . . 3 1 . . 2 24 Melee 642 | . . 25 . 104 3 1 1 4 126 9 2 . 2 90 16 82 10 9 9 30 119 Ram . | . . . . . . . . . . . . . . . . . . . . . . Kick . | . . . . . . . . . . . . . . . . . . . . . . Crush 11 | . 2 . 2 7 . . . . . . . . . . . . . . . . . Escape Stasis 41 | . . . . . . . . . . . . . . . . 31 . . . . 10 Rewire . | . . . . . . . . . . . . . . . . . . . . . . Trap . | . . . . . . . . . . . . . . . . . . . . . . Miscellaneous 14 | . . . . 3 . . . . 6 . . . . 1 . 2 . . . . 2 Route ------- -11/Scrapyard -10/Materials (discovered 5 exits: [*Mat x3] / [*Min] / *Sub) -10/Subcaves (discovered 3 exits: *Mat x2 / [*Rec]) -8/Materials (discovered 2 exits: *Fac x2) -7/Factory (discovered 7 exits: *Fac x4 / Sto / *Low x2) -7/Lower Caves -7/Lower Caves -7/Zion -6/Proximity Caves -6/Factory (discovered 6 exits: *Fac x4 / *Low x2) -6/Lower Caves -6/Lower Caves (discovered 2 exits: *Fac / *Dat) -6/Data Miner -5/Proximity Caves -5/Factory (discovered 5 exits: *Fac x3 / *Upp x2) -5/Waste -5/Factory (discovered 3 exits: *Fac / *Upp x2) -5/Upper Caves -5/Upper Caves -5/Warlord -4/Proximity Caves -4/Factory (discovered 3 exits: [*Res] / [*Upp] / Ext) History --------- Turn | Location | Event 7 | -11/Scrapyard | Discovered new exit (range 15) 255 | -11/Scrapyard | Entered Materials 313 | -10/Materials | Build established: Mutant 637 | -10/Materials | Discovered new exit (range 13) 714 | -10/Materials | Discovered new exit (range 15) 1147 | -10/Materials | Discovered new exit (range 15) 1452 | -10/Materials | Discovered new exit (range 5) 1614 | -10/Materials | Discovered new exit (range 8) 1634 | -10/Materials | Entered Subcaves 1634 | -10/Subcaves | Accompanied by 1 ally 1681 | -10/Subcaves | Shifting Twisted Machinery released Battle Cannon 1681 | -10/Subcaves | Shifting Twisted Machinery released Riot Gun 1850 | -10/Subcaves | Discovered new exit (range 15) 1979 | -10/Subcaves | Shifting Twisted Machinery released Sub. Beam Cannon 2006 | -10/Subcaves | Shifting Twisted Machinery released Sub. Power Source 2035 | -10/Subcaves | Learned location of Storage (-7) 2246 | -10/Subcaves | Disturbed a concealed Subdweller 2444 | -10/Subcaves | Learned location of Zion (-7) 2680 | -10/Subcaves | Visited 4L-MR0's lab 2698 | -10/Subcaves | Found Flightbrick 3091 | -10/Subcaves | Discovered new exit (range 6) 3258 | -10/Subcaves | Visited Clippyterm 3263 | -10/Subcaves | Learned 40 Factory zone layouts 3422 | -10/Subcaves | Ambushed by Subdweller buried in earth 3425 | -10/Subcaves | Ambushed by Subdweller buried in earth 3467 | -10/Subcaves | Core integrity fell below 50% 3498 | -10/Subcaves | Lost 3 parts (1p1n1w) 3536 | -10/Subcaves | Discovered new exit (range 14) 3637 | -10/Subcaves | Shifting Twisted Machinery released Sub. Shrapnel Launcher 3642 | -10/Subcaves | Shifting Twisted Machinery released Sub. Monowheel 4171 | -10/Subcaves | Curiously followed by a Cobbler waking with a query about "LVR3C" 4616 | -10/Subcaves | Entered Materials 4616 | -8/Materials | Evolved 4 slots: Propulsion x1, Utility x2, Weapon x1 4951 | -8/Materials | Build established: Gunner 5915 | -8/Materials | Repaired Adv. Treads 5948 | -8/Materials | Repaired Imp. Treads 6150 | -8/Materials | Learned Storage stockpile data 6289 | -8/Materials | Discovered new exit (range 17) 6298 | -8/Materials | Learned Factory trap positions 6356 | -8/Materials | Learned Storage trap positions 6446 | -8/Materials | Learned location of 2 exits from Factory 6498 | -8/Materials | Learned location of Extension (-4) 6526 | -8/Materials | Discovered new exit (range 9) 6562 | -8/Materials | Learned Factory stockpile data 6623 | -8/Materials | Repaired Hvy. Assault Cannon 6662 | -8/Materials | Repaired Imp. Light Armor Plating 6701 | -8/Materials | Entered Factory 6701 | -7/Factory | Evolved 2 slots: Utility x2 6702 | -7/Factory | Identified exit to Factory 6702 | -7/Factory | Identified exit to Lower Caves 6703 | -7/Factory | Identified exit to Storage 6704 | -7/Factory | Loaded intel: 127 trap records 7003 | -7/Factory | Build established: Tank 7352 | -7/Factory | Build established: Mutant 7380 | -7/Factory | Repaired Hardlight Generator 8197 | -7/Factory | Fabricated Adv. Melee Analysis Suite? 8322 | -7/Factory | Cargo convoy interrupted 9533 | -7/Factory | Lost 3 parts (1n2u) 9667 | -7/Factory | Core integrity fell below 50% 10177 | -7/Factory | Found Prototype Launcher 10177 | -7/Factory | Identified Rocket Array 10701 | -7/Factory | First assault squad dispatched 10874 | -7/Factory | Entered Lower Caves 11042 | -7/Lower Caves | Attracted the attention of an 0b10 base 11160 | -7/Lower Caves | Learned Factory emergency access door positions 11224 | -7/Lower Caves | Learned Factory terminal intel 11595 | -7/Lower Caves | Discovered new exit (range 8) 11629 | -7/Lower Caves | Entered another Lower Caves area 11706 | -7/Lower Caves | Found Prototype Device 11827 | -7/Lower Caves | Discovered new exit (range 15) 11859 | -7/Lower Caves | Entered Zion 11958 | -7/Zion | System corruption cleaned by Quarantine Array 12006 | -7/Zion | Received a visual enhancement algorithm 12119 | -7/Zion | Given the Hacking Drone Bay 12702 | -7/Zion | Found CR-A16's Pointy Stick 13184 | -7/Zion | Discovered new exit (range 11) 13390 | -7/Zion | Found Prototype Device 13458 | -7/Zion | Found Prototype Special Weapon 13704 | -7/Zion | Identified exit to Proximity Caves 13706 | -7/Zion | Entered Proximity Caves 13711 | -6/Proximity Caves | Identified RU-N14's Throwing Claymores 14096 | -6/Proximity Caves | Build established: Assassin 14464 | -6/Proximity Caves | Discovered exit to Factory (range 5) 14522 | -6/Proximity Caves | Entered Factory 14522 | -6/Factory | Evolved 2 slots: Propulsion x1, Utility x1 14524 | -6/Factory | Loaded intel: 26 terminal locations 14525 | -6/Factory | Attached Flightbrick, gained temporary slots: Utility x3 14633 | -6/Factory | Spotted B-75 Beast 14785 | -6/Factory | Discovered new exit (range 7) 14787 | -6/Factory | Identified exit to Factory 14906 | -6/Factory | Repaired Mak. Spear 15041 | -6/Factory | Build established: Scout 15464 | -6/Factory | Repaired Imp. Light Armor Plating 15509 | -6/Factory | Repaired Mic. Nuclear Core 15690 | -6/Factory | Fabricated Spear (x2) 15789 | -6/Factory | Discovered exit to Factory (range 11) 15916 | -6/Factory | Central database locked down 16230 | -6/Factory | Discovered exit to Factory (range 6) 16298 | -6/Factory | Identified exit to Lower Caves 16449 | -6/Factory | Discovered exit to Factory (range 7) 16476 | -6/Factory | Entered Lower Caves 16485 | -6/Lower Caves | Encountered a Warlord checkpoint 16673 | -6/Lower Caves | Discovered new exit (range 5) 16675 | -6/Lower Caves | Identified exit to Lower Caves 16719 | -6/Lower Caves | Entered another Lower Caves area 16721 | -6/Lower Caves | Discovered exit to Factory (range 14) 16852 | -6/Lower Caves | Learned 4 Factory zone layouts 16853 | -6/Lower Caves | Found DCF Scrap (14 items) 16945 | -6/Lower Caves | Discovered new exit (range 10) 16948 | -6/Lower Caves | Identified exit to Data Miner 16950 | -6/Lower Caves | Entered Data Miner 16950 | -6/Data Miner | Discovered new exit (range 6) 16958 | -6/Data Miner | Met Data Miner 16966 | -6/Data Miner | Learned location of Section 7 (-3) 16966 | -6/Data Miner | Acquired the access code to Warlord's prototype stash 16971 | -6/Data Miner | Received God Mode back door access code from Data Miner 16981 | -6/Data Miner | Identified exit to Proximity Caves 16981 | -6/Data Miner | Entered Proximity Caves 17028 | -5/Proximity Caves | Learned 4 Factory zone layouts 17157 | -5/Proximity Caves | Destroyed 9 combat bots 17188 | -5/Proximity Caves | Discovered exit to Factory (range 5) 17190 | -5/Proximity Caves | Entered Factory 17190 | -5/Factory | Evolved 2 slots: Propulsion x1, Utility x1 17191 | -5/Factory | Identified exit to Factory 17308 | -5/Factory | Identified exit to Upper Caves 17381 | -5/Factory | Discovered exit to Factory (range 13) 17546 | -5/Factory | Fabricated Mic. Fission Core? 17834 | -5/Factory | Discovered exit to Factory (range 4) 18252 | -5/Factory | Repaired Broken Mak. Spear? 18285 | -5/Factory | Build established: Hacker-Scout 18418 | -5/Factory | Cargo convoy interrupted 18577 | -5/Factory | Sucked down chute 18577 | -5/Factory | Entered Waste 18577 | -5/Waste | The area was eerily silent 18681 | -5/Waste | Discovered new exit (range 12) 18707 | -5/Waste | Identified exit to Factory 18707 | -5/Waste | Entered Factory 18788 | -5/Factory | Discovered exit to Upper Caves (range 7) 18816 | -5/Factory | Discovered exit to Upper Caves (range 11) 18915 | -5/Factory | Fabricated Lgt. Regenerative Plating? 19093 | -5/Factory | Fabricated Mic. Antimatter Reactor? 19318 | -5/Factory | Discovered exit to Factory (range 9) 19436 | -5/Factory | Fabricated Sml. Storage Unit? 19822 | -5/Factory | Fabricated Nanoactuators? 20176 | -5/Factory | Assembled infested ambush trap array 20177 | -5/Factory | Entered Upper Caves 20313 | -5/Upper Caves | Build established: Machinist-Scout 20385 | -5/Upper Caves | Discovered new exit (range 10) 20388 | -5/Upper Caves | Identified exit to Upper Caves 20388 | -5/Upper Caves | Entered another Upper Caves area 20441 | -5/Upper Caves | Attracted the attention of an 0b10 checkpoint 20582 | -5/Upper Caves | Learned Research stockpile data 20582 | -5/Upper Caves | Learned Extension stockpile data 20582 | -5/Upper Caves | Learned Research terminal intel 20582 | -5/Upper Caves | Learned Armory garrison access intel 20601 | -5/Upper Caves | Acquired the password to a Derelict Tinkerer's latest research 20608 | -5/Upper Caves | Found Prototype Special Weapon 20705 | -5/Upper Caves | Discovered new exit (range 14) 20710 | -5/Upper Caves | Identified exit to Warlord 20727 | -5/Upper Caves | Entered Warlord 20741 | -5/Warlord | System corruption cleaned by Quarantine Array 20789 | -5/Warlord | Met Warlord 20793 | -5/Warlord | Opened Warlord's prototype stash 20799 | -5/Warlord | Found Prototype Processor 20799 | -5/Warlord | Identified Exp. Target Analyzer 20814 | -5/Warlord | Warlord's base attacked by MAIN.C 20898 | -5/Warlord | Found Prototype Special Weapon 20898 | -5/Warlord | Identified RU-N14's Throwing Claymores v3 20937 | -5/Warlord | Found Prototype Device 20937 | -5/Warlord | Identified Minesniffer Drone Bay 20982 | -5/Warlord | Spotted B-75 Beast 20983 | -5/Warlord | Spotted B-86 Titan 20987 | -5/Warlord | Destroyed B-86 Titan 21077 | -5/Warlord | Spotted B-86 Titan 21077 | -5/Warlord | Spotted B-75 Beast 21164 | -5/Warlord | Warlord forces counterattacked 21209 | -5/Warlord | Spotted Executioner 21240 | -5/Warlord | Discovered new exit (range 15) 21244 | -5/Warlord | Identified exit to Proximity Caves 21245 | -5/Warlord | Entered Proximity Caves 21248 | -4/Proximity Caves | Spotter reported a threat 21258 | -4/Proximity Caves | Lost 5 allies 21296 | -4/Proximity Caves | Ambushed by research squad 21476 | -4/Proximity Caves | Discovered exit to Factory (range 8) 21477 | -4/Proximity Caves | Spotted B-86 Titan 21482 | -4/Proximity Caves | Entered Factory 21482 | -4/Factory | Evolved 2 slots: Utility x2 21483 | -4/Factory | Identified exit to Extension 21704 | -4/Factory | Repaired Broken Spear 21789 | -4/Factory | Incoming investigation squad redirected 22164 | -4/Factory | Discovered new exit (range 8) 22288 | -4/Factory | Lost 8 parts (1p2n3u2w) 22338 | -4/Factory | Incoming investigation squad redirected 22514 | -4/Factory | Destroyed 8 combat bots 22556 | -4/Factory | Core integrity fell below 50% 22834 | -4/Factory | Discovered new exit (range 12) 23049 | -4/Factory | Destroyed 7 combat bots 23173 | -4/Factory | Core integrity fell below 20% 23215 | -4/Factory | Lost 6 parts (1p2n1u2w) 23232 | -4/Factory | First assault squad dispatched 23257 | -4/Factory | Incoming assault squad redirected 23370 | -4/Factory | Lost 5 parts (1p2n1u1w) 23391 | -4/Factory | Released all parts (9) 23418 | -4/Factory | Destroyed by Tiamat Bomb Trap Last Messages --------------- 23315_ Terminal x1 23317_ U-05 Engineer lays Concrete. 23320_ HERF Cannon destroyed. 23320_ Mic. Fission Core destroyed. 23320_ Knocked back. 23329_ Centrium Wheel destroyed. 23339_ Adv. Heat Sink destroyed. 23381_ >> Machine Analyzer network decryption results: 23381_ Terminal x1 23391_ Centrium Wheel destroyed. 23391_ Released Chainsword. 23391_ Released Machine Analyzer. 23391_ Released Adv. Hacking Suite. 23391_ Released Authchip [Propulsion]. 23391_ Released Imp. Actuator Array. 23391_ Released Energy Well. 23391_ Released Imp. Transmission Jammer. 23391_ Released Imp. Target Analyzer. 23418_ Triggered Tiamat Bomb Trap. 23418_ An explosion rips through the floor. Map ----- +----------------------------------------------------+ | ????????????????????????? ??# """ #???# #?? | | ????????????????????????? #?# """ ##### #?? | | ????????????????????????? ?+ """ + #?? | | ????????????????????????? #?# ##### #?? | | ??????????????????####### #?# """ #???# #?? | | ??????????????????# #?# """ #???# #?? | | ??????????????????# #?# """ #???# ##?? | | ????????????? ##### #?# #???# #??? | | ?????????????? #?###+######???# / | | ????????????? #???# ########## #??? | | ??????????# """"" """ ##### #??? | | ??????????# ""T"" """ #??? | | ??????????# """ #??? | | ??????????# #??? | | ??????????# #??? | | ??????????# = #??? | | ??????????# #??? | | ??????????# = """""" """""" """""" """""" #??? | | ??????????# """""" """""" """""" """""" #??? | | ??????????# """""" """""" """""" """""" #??? | | ??????????# """""" """""" """""" """""" #??? | | ??????????# ??? ??? | | ??????? ??? ?? | | ??????????## ??? ?? | | ???????????########### ^ #"""?????###???? | | ?????????????????????### @ #??????????????? | | ???????????????????????#" """ #??????????????? | | ???????????????????????#T """ ???????????? | | ???????????????????????#" """ ??????????? | | ???????????????????????+ ???????????? | | ???????????????????????# [ ?????????????????? | | ???????????????????????###### ????????????????? | | ?????????????????????????????####????????????????? | | ?????????????????????????????????????????????????? | | ?????????????????????????????????????????????????? | | ?????????????????????????????????????????????????? | | ?????????????????????????????????????????????????? | | ?????????????????????????????????????????????????? | | ?????????????????????????????????????????????????? | | ?????????????????????????????????????????????????? | | ?????????????????????????????????????????????????? | | ?????????????????????????????????????????????????? | | ?????????????????????????????????????????????????? | | ?????????????????????????????????????????????????? | | ?????????????????????????????????????????????????? | | ?????????????????????????????????????????????????? | | ?????????????????????????????????????????????????? | | ?????????????????????????????????????????????????? | | ?????????????????????????????????????????????????? | | ?????????????????????????????????????????????????? | +----------------------------------------------------+ Best States ------------- Heat Dissipation 62 Coolant Potential 65 Energy Generation 19 Energy Capacity 1015 Matter Stores 300 Matter Capacity 300 Sight Range 22 Robot Scan Range 18 Terrain Scan Density 10 ECM Strength 1 Jamming Range 14 Power Amplification 20 Corruption Block 15 Armor Coverage 675 Propulsion Shielding 66 Melee Speed Boost 50 Evasion (%) 73 Targeting Accuracy 8 Melee Accuracy 16 Target Analysis 10 Core Analysis 6 Recoil Reduction 3 Offensive Hacking 26 Authchip Count 2 Item Schematics ----------------- Hcp. Storage Unit | -10/Materials | Hacked Adv. Melee Analysis Suite | -7/Factory | Hacked Gauss Cannon | -7/Zion | Archive Fusion Compressor | -7/Zion | Archive Plasma Cannon | -7/Zion | Archive EM Disruption Field | -7/Zion | Archive Core Analyzer | -7/Zion | Archive Remote Shield | -7/Zion | Archive Spear | -7/Zion | Archive Hvy. Phase Cannon | -7/Zion | Archive Mass Driver | -7/Zion | Archive Corruption Screen | -7/Zion | Archive Coil Gun | -7/Zion | Archive Hvy. Machine Gun | -7/Zion | Archive Chainsword | -7/Zion | Archive Gatling Laser | -7/Zion | Archive Lgt. Angular Momentum Engine | -7/Zion | Archive Sml. Storage Unit | -6/Factory | Hacked Combat Drone Bay | -6/Data Miner | Free Lgt. Regenerative Plating | -6/Data Miner | Free Cld. Nuclear Pulse Thruster | -6/Data Miner | Free Imp. Matter Compressor | -6/Data Miner | Free Hvy. Proton Cannon | -6/Data Miner | Free Centrium Wheel | -6/Data Miner | Free Adv. Coolant Injector | -6/Data Miner | Free Matter Neutralizer | -6/Data Miner | Free Imp. Gyrokinetic Inverter | -6/Data Miner | Free Hardcell Cannon | -6/Data Miner | Free Nanoactuators | -5/Factory | Hacked Robot Schematics ------------------ S-27 Virus | -7/Zion | Archive X-82 Rainmaker | -7/Zion | Archive K-01 Serf | -7/Zion | Archive Y-54 Guardian | -6/Data Miner | Free B-60 Warrior | -6/Data Miner | Free L-41 Fighter | -6/Data Miner | Free R-10 Processor | -6/Data Miner | Free W-44 Eye | -6/Data Miner | Free G-50 Soldier | -6/Data Miner | Free Fabricated ------------ Adv. Melee Analysis Suite | x2 | -7/Factory | Authchip Spear | x2 | -6/Factory | Authchip Mic. Fission Core | x2 | -5/Factory | Preloaded Lgt. Regenerative Plating | x1 | -5/Factory Mic. Antimatter Reactor | x2 | -5/Factory | Preloaded Sml. Storage Unit | x1 | -5/Factory Nanoactuators | x2 | -5/Factory | Authchip Alien Tech Used ----------------- None Achievements -------------- None Challenges ------------ None Game ------ Seed DamperCentriumMediator Manual? 0 Play Time 04:23:29 Cumulative 288.8 hours Start 2024.09.07 @ 20:36:18 End 2024.09.08 @ 11:34:16 Sessions 3 Manual Loads 0 Difficulty Rogue Special Mode None Game No. 193 Rogue 193 Adventurer 0 Explorer 0 Win Type - Total 6 Types 6/0/0/0/0/0/0/0/0 Lore% 63 Gallery% 77 Achievement% 66 Wizard Run 0 Options --------- Layout 0 ASCII 0 Keyboard 1 Movement Numpad Keybinds 0 Fullscreen 2 Font 18/SmallcapsGlow Map View 76x50 Zoom Use 0% Tactical HUD 1 Map Filters NONE Filters NONE Steam 1 RUN: ef35ec82-f4d1-4217-b051-145258916984